 Dungeon Crawl Stone Soup version bcrawl-1.21.3 (webtiles) character file.

Game seed: 8515882834732298893

329 funkygono the Conjurer (level 6, -1/36 HPs)
             Began as a Fairy Conjurer on Apr 6, 2020.
             Slain by a slave (7 damage)
             ... led by Pikel
             ... on level 4 of the Dungeon.
             The game lasted 00:07:43 (2633 turns).

funkygono the Conjurer (Fairy Conjurer)             Turns: 2633, Time: 00:07:43

Health: -1/36      AC:  8    Str:  6    XL:     6   Next: 51%
Magic:  0/15       EV: 16    Int: 21    God:
Gold:   140        SH:  9    Dex: 12    Spells: 9/15 levels left

rFire    . . .     SeeInvis .   d - +0 short sword
rCold    . . .     Gourm    .   j - +0 buckler
rNeg     . . .     Faith    .   (armour unavailable)
rPois    .         Spirit   .   (no helmet)
rElec    .         Reflect  .   p - +0 cloak
rCorr    .         Harm     .   i - +1 pair of gloves
MR       +....                  (no boots)
Stlth    +.........             (no amulet)
HPRegen  0.12/turn              q - ring of protection from magic
MPRegen  0.14/turn              (no ring)

@: flying evasively
A: small, magic attunement, unstealthy, unfitting armour, able to fly, AC/SH +5
a: Stop Flying


You were on level 4 of the Dungeon.
You were not hungry.

You visited 1 branch of the dungeon, and saw 4 of its levels.

You collected 140 gold pieces.

Inventory:

Hand Weapons
 d - a +0 short sword (weapon)
 n - a +4 quarterstaff of chaos
Missiles
 f - 385 stones (quivered)
Armour
 i - a +1 pair of gloves (worn)
 j - a +0 buckler (worn)
 p - a +0 cloak (worn)
Jewellery
 q - a ring of protection from magic (left hand)
Scrolls
 h - a scroll of noise {unknown}
 k - a scroll of remove curse
 s - a scroll of fear
Potions
 a - a potion of agility
 b - a potion of magic
 c - 2 potions of heal wounds
 l - a potion of mutation
 m - 2 potions of curing
 o - a potion of brilliance
 r - 2 potions of haste
Comestibles
 e - 5 rations {!d}
 g - 9 chunks of flesh


   Skills:
 + Level 3.5 Dodging
 + Level 2.0 Stealth
 + Level 1.3 Shields
 + Level 5.0 Spellcasting
 + Level 7.2 Conjurations


You had 9 spell levels left.
You knew the following spells:

 Your Spells              Type           Power        Failure   Level  Hunger
a - Magic Dart            Conj           ####         1%          1    None
b - Searing Ray           Conj           #####...     1%          2    None
c - Iskenderun's Mystic   Conj           #####...     2%          3    None

Your spell library contained the following spells:

 Spells                   Type           Power        Failure   Level  Hunger
 Fulminant Prism          Conj/Hex       ###.......   34%         4    None
 Irradiate                Conj/Tmut      ###.......   69%         5    None


Dungeon Overview and Level Annotations

Branches:
Dungeon (4/12)
 Temple: D:4-7

Altars:
Dithmenos
Okawaru
Wu Jian
The Shining One

Annotations:
D:4 Pikel


Innate Abilities, Weirdness & Mutations

Your spells do not cause hunger and MP costs are reduced by 1.
Your bright wings attract enemies. (Stealth-)
You cannot fit into any form of body armour.
Your shimmering scales are hard and can block incoming attacks. (AC +5, SH +5)
You are small and have problems with some larger weapons.
You can fly continuously.


Message History

Casting: Magic Dart (safe; 1% risk of failure)
Confirm with . or Enter, or press ? or * to list all spells.
Aiming: Magic Dart (safe; 1% risk of failure)
Press: ? - help, Shift-Dir - straight line, f/p - slave
Aim: a slave, wearing a +0 animal skin (almost dead)
The magic dart hits the slave.
The slave is moderately wounded.
The slave barely misses you. The slave hits you.
* * * LOW HITPOINT WARNING * * *
Casting: Magic Dart (safe; 1% risk of failure)
Confirm with . or Enter, or press ? or * to list all spells.
Aiming: Searing Ray (safe; 1% risk of failure)
Press: ? - help, Shift-Dir - straight line, f/p - slave
Aim: a slave, wearing a +0 animal skin (almost dead)
The searing ray hits the slave.
The slave is heavily wounded. (Press . to maintain the ray.)
The slave hits you!
You die...

##### #...#
#######.#@#
#≈≈≈....#p#
#≈≈.....#p#######
###≈≈...).#...<...#
#>')≈.....#.......#
###≈≈....÷#...[...#
#≈......#.......#
#≈......#...<...#
#######.#.......#


You could see 2 slaves.

Vanquished Creatures
  Sigmund (D:3)
  A slave (D:4)
  Crazy Yiuf (D:2)
  A worker ant (D:3)
  3 adders
  An ooze (D:2)
  2 worms
  4 dart slugs
  2 leopard geckos
  3 orcs
  3 giant cockroaches
  12 goblins
  12 hobgoblins
  3 jackals
  2 quokkas (D:2)
  3 bats
  4 frilled lizards
  11 kobolds
  A quokka skeleton (D:3)
  5 rats
75 creatures vanquished.

Notes
Turn   | Place    | Note
-------+----------+-------------------------------------------
     0 | D:1      | funkygono the Fairy Conjurer began the quest for the Orb.
     0 | D:1      | Reached XP level 1. HP: 11/11 MP: 6/6
   119 | D:1      | Reached skill level 5 in Conjurations
   432 | D:1      | Reached XP level 2. HP: 17/17 MP: 7/7
   677 | D:1      | Learned a level 2 spell: Searing Ray
   847 | D:2      | Found a shadowy altar of Dithmenos.
   905 | D:2      | Found an ornate altar of the Wu Jian Council.
   905 | D:2      | Found a glowing golden altar of the Shining One.
   912 | D:2      | Reached XP level 3. HP: 21/21 MP: 9/9
  1026 | D:2      | Reached skill level 6 in Conjurations
  1128 | D:2      | Found a runed door.
  1132 | D:2      | Noticed Crazy Yiuf
  1141 | D:2      | Killed Crazy Yiuf
  1141 | D:2      | Reached XP level 4. HP: 16/27 MP: 4/10
  1408 | D:2      | Found an iron altar of Okawaru.
  1500 | D:2      | Noticed Terence
  1573 | D:2      | Learned a level 3 spell: Iskenderun's Mystic Blast
  2024 | D:3      | Noticed Sigmund
  2031 | D:3      | Killed Sigmund
  2031 | D:3      | Reached skill level 7 in Conjurations
  2031 | D:3      | Reached XP level 5. HP: 31/31 MP: 4/14
  2031 | D:3      | Reached XP level 6. HP: 36/36 MP: 4/15
  2142 | D:3      | Found a faded altar of an unknown god.
  2282 | D:3      | Reached skill level 5 in Spellcasting
  2541 | D:4      | Reached skill level 1 in Shields
  2588 | D:4      | Noticed a slave
  2588 | D:4      | Noticed a slave
  2588 | D:4      | Noticed Pikel
  2593 | D:4      | Noticed a slave
  2594 | D:4      | Noticed a slave
  2619 | D:4      | Killed a slave
  2633 | D:4      | Slain by a slave

Skill      XL: |  1  2  3  4  5  6 |
---------------+-------------------+-----
Conjurations   | 5 6 7 |  7.2
Spellcasting   | 3 4 5 |  5.0
Dodging        | 3 |  3.5
Stealth        | 2 |  2.0
Shields        | 1 |  1.3

Action                   |  1- 3 |  4- 6 || total
-------------------------+-------+-------++-------
Melee: Short sword       |     5 |       ||     5
 Cast: Magic Dart        |    49 |    55 ||   104
       Searing Ray       |     5 |    10 ||    15
       Iskenderun's Myst |       |    10 ||    10
  Use: Scroll            |     7 |     6 ||    13
  Eat: Chunk             |       |     5 ||     5
Armor: Skin              |     7 |     4 ||    11
Dodge: Dodged            |    12 |    33 ||    45
Block: Buckler           |     7 |    14 ||    21
